woodfighter, neutral female human Healer ------ --------- ......###..%.....| --.|.- -----...| |.| ....%.. |.-- -----.--- &|.... |.... |d... ---.| ----------- |@V.. |.| |.........| |.--- fh |.--|.........| |..^-....<...[| ---.|...*.**%.| |.........| ---- N ----------- --|*.| |*-..|.- --|(.|... |..|.------ |.......... ---------- woodfighter the Embalmer Experience level: 9 Strength: 17 Dexterity: 13 Constitution: 17 Intelligence: 14 Wisdom: 14 Charisma: 17 Health: 0(78) Energy: 59(70) Def: 15 Gold: 0 Moves: 13174 Dungeon seed: ItkPtZr2sUokin24 Game ID: woodfighter_1504287111 Your Inventory: Amulets I - an uncursed amulet of ESP (being worn) Weapons a - a blessed +1 scalpel (weapon in hand) C - 67 +0 darts (in quiver) Armor e - an uncursed +1 pair of leather gloves (being worn) n - an uncursed +0 cloak of protection (being worn) z - a blessed +0 pair of gauntlets of dexterity B - a blessed +1 dwarvish mithril-coat (being worn) N - a blessed +2 mummy wrapping Comestibles j - 6 blessed eucalyptus leaves k - a blessed sprig of wolfsbane l - 2 blessed cloves of garlic o - an uncursed clove of garlic x - an uncursed lichen corpse E - an uncursed eucalyptus leaf R - an uncursed apple U - an uncursed tripe ration X - 5 uncursed food rations Z - 3 uncursed lizard corpses Scrolls i - an uncursed scroll of light Spellbooks p - a blessed spellbook of magic missile Rings m - an uncursed ring of shock resistance (on right hand) V - an uncursed ring of polymorph control (on left hand) Wands P - a wand of fire (0:6) T - a wand of opening (0:7) Tools b - an uncursed stethoscope d - a +0 pick-axe s - an uncursed sack w - an uncursed magic whistle y - an uncursed skeleton key G - an uncursed towel L - a +0 unicorn horn Contents of the sack: a [uncursed] scroll of fire a [blessed] scroll of remove curse a [uncursed] potion of water Spells and supernatural/magical abilities: Name Level Category Fail Memory h - healing 1 healing 46% 35% x - extra healing 3 healing 52% 35% S - stone to flesh 3 healing 73% 35% W - pray for help -- divine ? -- Your skills at the end: Miscellaneous Skills wands [Basic] Weapon Skills knife [Skilled] dart [Basic] Spellcasting Skills healing spells [Basic] Final Attributes: You were fervently aligned. You were cold resistant. You were shock resistant. You were poison resistant. Your writing hand was ok. You were telepathic. You were invisible. You were stealthy. You were protected. You had polymorph control. You were fast. You were lucky. You are dead. Vanquished creatures: a vampire 2 ghosts 2 giant mimics a large mimic 3 quantum mechanics a small mimic a xan an ettin mummy a shocking sphere a dwarf king a tengu 2 elf mummies a human mummy an ettin zombie 2 giant beetles 3 winter wolf cubs a lynx 2 leprechauns 2 quivering blobs a spotted jelly 2 lizards 2 giant spiders 3 gnome kings an orc mummy 2 dwarf mummies an ogre a brown pudding a piranha a dog a housecat 3 dwarf lords 4 blue jellies a water nymph a white unicorn a black unicorn a raven a plains centaur a gnome mummy 3 snakes 3 rope golems a bugbear a rock mole 2 rock piercers 2 fog clouds a shrieker 18 gnome lords a gnomish wizard a kobold mummy 2 red naga hatchlings a golden naga hatchling a barrow wight 3 ghouls a straw golem a jellyfish 4 giant ants 3 puppies 3 floating eyes a kitten 15 dwarves a homunculus a kobold lord a kobold shaman 2 iguanas 9 hill orcs 3 rothes 2 rabid rats a centipede a giant bat 4 orc zombies 2 dwarf zombies 2 wererats a werejackal a coyote 2 gas spores 4 hobbits 2 acid blobs 3 large kobolds 5 geckos 3 hobgoblins 4 giant rats 6 cave spiders 4 brown molds a yellow mold 3 green molds 5 red molds 49 gnomes 6 garter snakes 11 manes 4 gnome zombies 8 jackals 3 foxes a kobold 14 newts 3 goblins 3 sewer rats 9 grid bugs a bat 6 lichens 9 kobold zombies 326 creatures vanquished. Voluntary challenges: You did not cause conflict. You did not have reflection. You were not displaced. You used a wielded weapon 731 times, starting on turn 90. You did not apply a unicorn horn. You did not use plumbed fixtures. You did not drink any magical draughts. You read items or engraved 2 times, starting on turn 4170. You never genocided any monsters. You never polymorphed an object. You never changed form. You completed Sokoban on turn 7297, according to the rules. You used no wishes. You never split a pudding. You never wrote Elbereth's name. You violated your moral code, losing 6 points of alignment, starting on turn 10728. Dungeon overview: The Dungeons of Doom: levels 1 to 9 Level 1 an altar to Hermes, a sink a long staircase Level 2 some fountains Level 3 stairs to The Gnomish Mines Level 4 a general store, some fountains Level 5 (boxes) an altar to Poseidon, some fountains, a sink Level 6 Level 7 many fountains Level 8 an altar to Hermes, a fountain stairs to Sokoban Level 9 an altar to Athena The Gnomish Mines: levels 4 to 12 Level 4 stairs to The Dungeons of Doom Level 5 Level 6 Level 7 many shops, a temple to Athena, a magic chest, some trees Level 8 Level 9 Level 10 Level 11 Level 12 <- You were here a magic chest Sokoban: levels 4 to 7 Level 4 a magic chest Level 5 Level 6 Level 7 a magic chest stairs to The Dungeons of Doom History has recorded: On T:1 you entered the Dungeons of Doom to retrieve the Amulet of Yendor! On T:87 you reached level 2 of The Dungeons of Doom. On T:417 you reached level 3 of The Dungeons of Doom. On T:824 you reached level 1 of The Gnomish Mines. On T:883 you reached level 4 of The Dungeons of Doom. On T:1098 you advanced to experience level 2. On T:1167 you reached level 5 of The Dungeons of Doom. On T:1405 you advanced to experience level 3. On T:1838 you advanced to experience level 4. On T:2052 you reached level 6 of The Dungeons of Doom. On T:2398 you reached level 7 of The Dungeons of Doom. On T:2565 you advanced to experience level 5. On T:2706 you prayed to Hermes. On T:2880 you reached level 8 of The Dungeons of Doom. On T:3352 you reached level 9 of The Dungeons of Doom. On T:3522 you reached level 4 of Sokoban. On T:3803 you opened a magic chest. On T:3989 you advanced to experience level 6. On T:4192 you reached level 3 of Sokoban. On T:5159 you reached level 2 of Sokoban. On T:6027 you reached level 1 of Sokoban. On T:6190 you advanced to experience level 7. On T:7297 you advanced to experience level 8. On T:7297 you entered the Sokoban zoo. On T:8004 you reached level 2 of The Gnomish Mines. On T:8556 you reached level 3 of The Gnomish Mines. On T:8987 you reached level 4 of The Gnomish Mines. On T:9098 you reached level 5 of The Gnomish Mines. On T:9377 you entered the Minetown temple On T:10324 you advanced to experience level 9. On T:10768 you reached level 6 of The Gnomish Mines. On T:10892 you reached level 7 of The Gnomish Mines. On T:12690 you reached level 9 of The Gnomish Mines. On T:12690 you reached the bottom of the Mines. On T:12977 you prayed to Hermes. On T:13174 you prayed to Hermes. Score breakdown: Gold: 0 ( 0 points) Experience: 9 levels ( 800 points) Exploration: 12 levels ( 330 points) Discoveries: 27 items ( 1350 points) Variety of kills: 99 monsters ( 2000 points) Major goal: Sokoban/Mines ( 1500 points) Survival: died (score multiplied by 3) Total score: 17940 Latest messages: You hit the rock with all your might. You make an opening in the wall. You are now wielding your scalpel. You stop exploring. Please move the cursor to an unknown object. Never mind. You stop. Kitty is in the way! The vampire scratches you! The vampire bites! The vampire misses. The vampire bites! i - a scroll labeled PATENT PENDING. You see here a bronze spellbook. p - a bronze spellbook. The vampire scratches you! The vampire bites! You hear bubbling water. The vampire scratches you! The vampire bites! You hear some noises in the distance. You begin praying to Hermes. The vampire just misses! The vampire bites! You die... Final status: Goodbye woodfighter the Healer, killed by a vampire, while praying... You died in The Gnomish Mines on dungeon level 12 with 17940 points, and 0 pieces of gold, after 13174 moves. You were level 9 with a maximum of 78 hit points when you died.